 Dungeon Crawl Stone Soup version 0.19.5 (webtiles) character file.

15323 Jerry the Protected (level 12, 0/100 HPs)
             Began as a Formicid Fighter on Apr 21, 2017.
             Was a High Priest of Okawaru.
             Slain by a sun demon (16 damage)
             ... in a volcano on Apr 22, 2017.
             The game lasted 00:53:58 (14342 turns).

Jerry the Protected (Formicid Fighter)             Turns: 14342, Time: 00:53:59

Health: 0/100      AC: 29    Str: 23    XL:     12   Next: 56%
Magic:  12/17      EV: 10    Int: 11    God:    Okawaru [*****.]
Gold:   877        SH: 14    Dex: 13    Spells: 0 memorised, 11 levels left

rFire  . . .     SeeInvis +     Q - +3 falchion
rCold  . . .     Gourm    .     r - +0 plate armour
rNeg   . . .     Faith    .     c - +0 shield
rPois  .         Spirit   .     (helmet unavailable)
rElec  .         Reflect  .     (no cloak)
rCorr  .         Harm     .     h - +2 pair of gloves {Dex+3}
MR     +....                    g - +1 pair of boots
Stlth  ..........               (no amulet)
                                a - ring of stealth
                                o - +6 ring of protection

@: heroism, finesse
A: permanent stasis, dig shafts and tunnels, four strong arms, antennae 3
a: Dig, Shaft Self, Heroism, Finesse, Renounce Religion


You were in a volcano.
You worshipped Okawaru.
Okawaru was extremely pleased with you.
You were very hungry.

You visited 2 branches of the dungeon, and saw 11 of its levels.
You also visited: Volcano.

You collected 877 gold pieces.

Inventory:

Hand Weapons
 j - a +2 dagger of speed
 z - a +1 shortbow of freezing
 Q - a +3 falchion (weapon)
Missiles
 A - 137 arrows
Armour
 c - a +0 shield (worn)
 g - a +1 pair of boots (worn)
 h - a +2 pair of gloves of dexterity (worn)
 r - a +0 plate armour (worn)
 y - the +5 ring mail of Dyspraxia {*Corrode *Slow rC+ rN+++}
   (You found it on level 1 of the Lair of Beasts)

   It protects you from cold.
   It renders you almost immune to negative energy.
   It may corrode you when you take damage.
   It may slow you when you take damage.
Jewellery
 a - a ring of stealth (right hand)
 o - a +6 ring of protection (left hand)
Wands
 e - a wand of flame (4/48)
 i - a wand of flame (25/48)
 t - a wand of enslavement (5/24)
 x - a wand of lightning (4/15)
 R - a wand of random effects (48/48)
Scrolls
 v - 3 scrolls of remove curse
 D - 3 scrolls of amnesia
 E - 3 scrolls of enchant armour
 M - a scroll of fog
Potions
 d - a potion of magic
 q - 5 potions of curing
 s - a potion of cancellation
 u - a potion of lignification {unknown}
 w - a potion of cure mutation {unknown}
 F - a potion of beneficial mutation {unknown}
 G - 2 potions of flight {unknown}
 I - 2 potions of brilliance {unknown}
 K - 2 potions of degeneration {unknown}
 S - 2 potions of mutation {unknown}
Books
 P - a book of Conjurations

   Spells                             Type                      Level
   a - Magic Dart                     Conjuration                  1
   b - Searing Ray                    Conjuration                  2
   c - Dazzling Spray                 Conjuration/Hexes            3
   d - Fulminant Prism                Conjuration/Hexes            4
   e - Iskenderun's Mystic Blast      Conjuration                  4
   f - Iskenderun's Battlesphere      Conjuration/Charms           5
Comestibles
 f - 5 bread rations
 l - 10 meat rations
 m - 2 beef jerkies
 n - 6 fruits


   Skills:
 + Level 11.1(16.1) Fighting
 + Level 9.9(14.9) Long Blades
 + Level 11.3(16.3) Armour
 + Level 10.3(15.3) Shields
 + Level 6.6 Invocations


You had 11 spell levels left.
You didn't know any spells.

Dungeon Overview and Level Annotations

Branches:
Dungeon (9/15)             Temple (0/1) D:4            Lair (2/6) D:9
 Spider (0/4) Lair:2          Orc (0/2) D:9
  Swamp: Lair:2-4    Shoals: Lair:2-4

Altars:
Cheibriados
Elyvilon
Fedhas
Gozag
Hepliaklqana
Makhleb
Okawaru
Ru
Sif Muna
Trog
Vehumet
Xom
Yredelemnul
Zin


Innate Abilities, Weirdness & Mutations

You are under a permanent stasis effect.
You can dig through walls and to a lower floor.
Your four strong arms can wield two-handed weapons with a shield.
You have a pair of large antennae on your head. (SInv)


Message History

The sun demon is lightly wounded.
You block the sun demon's attack.
You hit the sun demon but do no damage.
The sun demon is lightly wounded.
You barely miss the sun demon.
The sun demon is lightly wounded.
You hit the sun demon.
The sun demon is lightly wounded.
The sun demon hits you!
You are engulfed in flames!
* * * LOW HITPOINT WARNING * * *
You hit the sun demon.
The sun demon is moderately wounded.
You hit the sun demon.
The sun demon is heavily wounded.
You hit the sun demon.
The sun demon is heavily wounded.
The sun demon hits you!
* * * LOW HITPOINT WARNING * * *
You are engulfed in flames!
You die...

##### ##..)## #
#..8..# #.##.....#
#)[8.....# ###
#$!#..⌠..# ##.###
#$)##.@.## ####....§
#' ###3##
####....§≈≈§ #.
#.9.###8.....≈≈§§≈
.'.∩.+.......≈≈§§§≈
...#...###8....§§≈≈§≈
#u####+##
##....§§§≈§≈ #$
###...≈≈≈≈§≈≈ # {
##.#..§§§≈≈≈§§
#.#..≈≈§§≈≈≈≈≈


You could see a sun demon and a molten gargoyle.

Vanquished Creatures
  2 hydras
  A centaur warrior (D:8)
  Sonja (Lair:2)
  A hell knight (Volcano)
  A deep elf archer (D:8)
  A cyclops (D:8)
  Joseph (D:7)
  2 spiny frogs (Lair:1)
  A rime drake (Lair:2)
  A red devil (Volcano)
  A troll (D:8)
  3 blink frogs (Lair:1)
  A hippogriff (Lair:1)
  9 yaks
  Grum (D:8)
  3 basilisks
  9 fire bats
  2 hungry ghosts (D:8)
  Menkaure (D:7)
  5 water moccasins
  2 orc warriors
  A porcupine (Lair:1)
  A black bear (Lair:1)
  A sky beast (D:7)
  A hornet zombie (D:9)
  2 phantoms
  3 centaurs
  6 wolves
  4 ogres
  2 crocodiles (Lair:1)
  9 bullfrogs
  4 big kobolds
  Blork the orc (D:6)
  A wyvern skeleton (D:8)
  4 killer bees (D:8)
  5 wights (D:6)
  4 howler monkeys
  3 crimson imps
  6 lava snakes (Volcano)
  3 hounds
  2 bullfrog skeletons
  A centaur skeleton (D:5)
  5 orc priests (D:9)
  3 jellies
  5 iguanas
  Ijyb (D:3)
  5 orc wizards
  7 worker ants
  3 hound zombies
  A howler monkey zombie (D:7)
  4 gnolls (D:5)
  A howler monkey skeleton (D:5)
  A worker ant zombie (D:9)
  8 adders
  3 shadow imps
  An adder zombie (D:5)
  2 worms
  6 leopard geckos
  35 orcs
  5 giant cockroaches
  11 goblins
  5 hobgoblins
  6 jackals
  5 quokkas
  8 bats
  10 frilled lizards
  30 kobolds
  A leopard gecko zombie (D:7)
  A quokka skeleton (D:8)
  8 rats
294 creatures vanquished.

Vanquished Creatures (others)
  An orc (D:9)
  6 fungi
7 creatures vanquished.

Grand Total: 301 creatures vanquished

Notes
Turn   | Place    | Note
-------+----------+-------------------------------------------
     0 | D:1      | Jerry the Formicid Fighter began the quest for the Orb.
     0 | D:1      | Reached XP level 1. HP: 18/18 MP: 1/1
   125 | D:1      | Reached XP level 2. HP: 22/24 MP: 2/2
   403 | D:1      | Reached XP level 3. HP: 30/30 MP: 3/3
  1120 | D:2      | Reached XP level 4. HP: 13/37 MP: 4/4
  1627 | D:2      | Found a bloodstained altar of Trog.
  1627 | D:2      | Found a deep blue altar of Sif Muna.
  1632 | D:2      | Found a faded altar of an unknown god.
  1636 | D:2      | Found a sacrificial altar of Ru.
  1638 | D:2      | Found a faded altar of an unknown god.
  1734 | D:2      | Found an iron altar of Okawaru.
  1734 | D:2      | Found a blossoming altar of Fedhas.
  1737 | D:2      | Became a worshipper of Warmaster Okawaru
  1809 | D:3      | Noticed a centaur
  1816 | D:3      | Noticed Ijyb
  1817 | D:3      | Killed a centaur
  1817 | D:3      | Reached skill level 1 in Invocations
  1817 | D:3      | Reached XP level 5. HP: 31/43 MP: 4/6
  1824 | D:3      | Killed Ijyb
  2014 | D:3      | Reached XP level 6. HP: 49/49 MP: 7/7
  3074 | D:4      | Reached skill level 5 in Fighting
  3106 | D:4      | Reached skill level 5 in Armour
  3106 | D:4      | Reached XP level 7. HP: 46/56 MP: 7/9
  3304 | D:4      | Found a staircase to the Ecumenical Temple.
  3376 | D:4      | Found a hazy altar of Hepliaklqana.
  3462 | D:5      | Entered Level 5 of the Dungeon
  3735 | D:5      | Reached * piety under Okawaru
  3966 | D:5      | Reached XP level 8. HP: 56/64 MP: 10/10
  3987 | D:5      | Reached ** piety under Okawaru
  4769 | D:6      | Reached skill level 5 in Long Blades
  4912 | D:6      | Found a burning altar of Makhleb.
  4921 | D:6      | Noticed Blork the orc
  4929 | D:6      | Killed Blork the orc
  4995 | D:6      | Reached XP level 9. HP: 68/72 MP: 11/11
  5048 | D:6      | Reached *** piety under Okawaru
  5142 | D:6      | Found a shimmering altar of Xom.
  5152 | D:6      | Got a fine large shield
  5234 | D:6      | Identified the cursed -11 large shield "Deonk" {*Corrode +Fly rPois rF+} (You found it on level 6 of the Dungeon)
  5391 | D:7      | Found an opulent altar of Gozag.
  5391 | D:7      | Noticed Joseph
  5409 | D:7      | Found a glowing silver altar of Zin.
  5431 | D:7      | Killed Joseph
  5833 | D:7      | Reached skill level 5 in Shields
  5836 | D:7      | Noticed Menkaure
  5847 | D:7      | Killed Menkaure
  6858 | D:8      | Noticed Grum
  6902 | D:8      | Reached **** piety under Okawaru
  6916 | D:8      | Killed Grum
  6916 | D:8      | Reached XP level 10. HP: 62/82 MP: 12/12
  7487 | D:8      | Found a basalt altar of Yredelemnul.
  7508 | D:8      | Found a snail-covered altar of Cheibriados.
  7509 | D:8      | Noticed a centaur warrior
  7555 | D:8      | Killed a centaur warrior
  8015 | D:8      | Found a glowing silver altar of Zin.
  8019 | D:8      | Noticed a deep elf archer
  8108 | D:8      | Killed a deep elf archer
  8108 | D:8      | Reached ***** piety under Okawaru
  8433 | D:8      | Noticed a cyclops
  8458 | D:8      | Killed a cyclops
  8458 | D:8      | Received a gift from Okawaru
  8918 | D:8      | Reached XP level 11. HP: 62/90 MP: 13/13
  9550 | D:9      | Reached skill level 10 in Armour
  9885 | D:9      | Found a staircase to the Orcish Mines.
 10011 | D:9      | Found a white marble altar of Elyvilon.
 10355 | D:9      | Found a staircase to the Lair.
 10445 | D:9      | Found a radiant altar of Vehumet.
 10815 | Lair:1   | Entered Level 1 of the Lair of Beasts
 10833 | Lair:1   | Reached skill level 10 in Fighting
 11601 | Lair:1   | Got a dazzling ring mail
 11602 | Lair:1   | Identified the +5 ring mail of Dyspraxia {*Corrode *Slow rC+ rN+++} (You found it on level 1 of the Lair of Beasts)
 11709 | Lair:1   | Noticed an eight-headed hydra
 11955 | Lair:1   | Killed an eight-headed hydra
 12852 | Lair:2   | Reached skill level 5 in Invocations
 12900 | Lair:2   | Noticed Sonja
 13061 | Lair:2   | Killed Sonja
 13061 | Lair:2   | Reached XP level 12. HP: 40/99 MP: 12/15
 13306 | Lair:2   | Noticed an eight-headed hydra
 13339 | Lair:2   | Killed an eight-headed hydra
 13339 | Lair:2   | Reached skill level 10 in Shields
 13438 | Lair:2   | Found a dark tunnel.
 13447 | Volcano  | Entered a volcano
 14222 | Volcano  | Noticed a hell knight
 14310 | Volcano  | Noticed a sun demon
 14331 | Volcano  | Killed a hell knight
 14342 | Volcano  | Slain by a sun demon

Skill      XL: |  1  2  3  4  5  6  7  8  9 10 11 12 |
---------------+-------------------------------------+-----
Shields        | 4 5 8 9 10 | 10.3
Fighting       | 4 5 6 7 8 9 10 11 | 11.1
Armour         | 4 5 6 7 8 9 10 11 | 11.3
Invocations    | 1 2 3 5 6 |  6.6
Long Blades    | 3 4 5 6 8 9 |  9.9

Action                   |  1- 3 |  4- 6 |  7- 9 | 10-12 || total
-------------------------+-------+-------+-------+-------++-------
Melee: Long sword        |   120 |   154 |   162 |       ||   436
       Falchion          |       |       |   224 |   947 ||  1171
       Punch             |       |       |     1 |       ||     1
       Dagger            |       |       |       |    54 ||    54
 Fire: Shortbow          |       |     1 |    21 |     6 ||    28
Invok: Heroism           |       |       |     3 |    20 ||    23
       Finesse           |       |       |       |     2 ||     2
 Abil: Dig               |       |       |       |     5 ||     5
Evoke: Wand              |       |       |       |     7 ||     7
  Use: Potion            |       |       |     2 |     3 ||     5
       Scroll            |       |       |    14 |     6 ||    20
  Eat: Chunk             |       |     8 |    11 |    22 ||    41
       Fruit             |       |       |     2 |     2 ||     4
       Royal jelly       |       |       |       |     1 ||     1
       Pizza             |       |       |       |     1 ||     1
       Beef jerky        |       |       |       |     1 ||     1
Armor: Scale mail        |    67 |    18 |    80 |   157 ||   322
       Ring mail         |       |    80 |   104 |       ||   184
       Plate armour      |       |       |       |   240 ||   240
Dodge: Dodged            |    34 |   102 |   186 |   291 ||   613
Block: Shield            |    51 |     2 |       |   426 ||   479
       Rpst.: Long sword |    10 |    32 |    22 |       ||    64
       Falchion          |       |       |    17 |    78 ||    95
